 Dungeon Crawl Stone Soup version 0.30-a0-218-gedb9141078 (webtiles) character file.

Game seed: 384825153806642289

858 ytrimaz the Fighter (level 8, -5/96 HPs)
             Began as an Ogre Transmuter on Oct 5, 2022.
             Slain by a centaur
             ... wielding a +0 trident
              (7 damage)
             ... on level 5 of the Dungeon.
             The game lasted 00:06:13 (5091 turns).

ytrimaz the Fighter (Ogre Transmuter)               Turns: 5091, Time: 00:06:14

Health: -5/96      AC:  2    Str: 15    XL:     8   Next: 2%
Magic:  6/11       EV: 18    Int: 16    God:
Gold:   219        SH:  0    Dex: 14    Spells: 5/11 levels left

rFire   . . .      SeeInvis .      - Unarmed
rCold   . . .      Faith    .    (shield currently unavailable)
rNeg    . . .      Spirit   .    (body armour currently unavailable)
rPois   x          Reflect  .    (helmet currently unavailable)
rElec   .          Harm     .    (cloak currently unavailable)
rCorr   .          Rampage  .    (gloves unavailable)
Will    .....                    (boots unavailable)
Stlth   +.........               e - amulet of the acrobat
HPRegen 0.36/turn                (no ring)
MPRegen 0.12/turn                (no ring)

@: spider-form
A: venomous fangs, tiny, unfitting armour, (tough skin 1)
a: End Transformation


You were on level 5 of the Dungeon.
You were a venomous arachnid creature.
You visited 1 branch of the dungeon, and saw 5 of its levels.

You collected 219 gold pieces.


Innate Abilities, Weirdness & Mutations

You are a venomous arachnid creature.
You have poisonous fangs.
You are tiny and dextrous.
Your spellcasting is less reliable in this form.
Your armour is entirely melded.
You are incapable of wielding weapons or throwing items.
You are too large for most types of armour.
((You have tough skin. (AC +1)))


   Skills:
 + Level 10.6 Fighting
 - Level 1.7 Dodging
 - Level 4.0 Unarmed Combat
 - Level 2.4 Spellcasting
 - Level 1.7 Transmutations


You had 5 spell levels left.
You knew the following spells:

 Your Spells              Type           Power      Damage    Failure   Level
a - Beastly Appendage     Tmut           14%        N/A       24%         1
b - Wereblood             Tmut           7%         N/A       32%         2
c - Spider Form           Tmut/Pois      4%         N/A       61%         3

Your spell library contained the following spells:

 Spells                   Type           Power      Damage    Failure   Level
 Apportation              Tloc           2%         N/A       41%         1
 Necrotise                Necr           4%         1d4       41%         1
 Summon Small Mammal      Summ           4%         N/A       41%         1
 Gell's Gravitas          Tloc           1%         N/A       73%         3
 Lesser Beckoning         Tloc           2%         N/A       73%         3
 Stone Arrow              Conj/Erth      2%         3d7       73%         3
 Teleport Other           Tloc           1%         N/A       73%         3
 Ice Form                 Ice/Tmut       4%         N/A       92%         4
 Animate Armour           Summ/Erth      2%         N/A       97%         4
 Olgreb's Toxic Radiance  Pois           1%         N/A       97%         4
 Ozocubu's Refrigeration  Ice            0%         4d7       100%        7
 Ignition                 Fire           0%         3d3       100%        8
 Lehudib's Crystal Spear  Conj/Erth      0%         10d2      100%        8

Inventory:

Armour
 a - a +0 robe (melded)
Jewellery
 e - an amulet of the acrobat (around neck)
   (You found it on level 3 of the Dungeon)
Wands
 d - a wand of mindburst (18)
   (You took it off a goblin on level 4 of the Dungeon)
Scrolls
 c - 2 scrolls of butterflies
 g - a scroll of enchant weapon
Potions
 i - 2 potions of haste

Dungeon Overview and Level Annotations

Branches:
Dungeon (5/15) Zot: 24939
 Temple: D:4-7

Altars:
Dithmenos
Okawaru
Qazlal

Shops:
D:1

*[!
........####......##
...#####..†....#
....##.......#.##
##..........######
###........####.##
###..........#..#
.#...........)...##
.........†..c)....#
...........##s....#
......†##.###?...##
.......#....##....#
.......c..#####..##
.......#..# #^#
c.........# ##
...........
...........
.........


You could see a centaur (fast, very poisoned).


Message History

You hit the iguana but do no damage. The iguana bites you. 😮 HP[-6] MP[+1]
You take 6 damage, and now have 49/87 hp.
Unknown command.
You hit the iguana but do no damage. You closely miss the iguana.
The iguana bites you!
* * * LOW HITPOINT WARNING * * *
😨 HP[-14]
You take 14 damage, and now have 35/87 hp.
You hit the iguana but do no damage. The iguana bites you!
* * * LOW HITPOINT WARNING * * *
😨 HP[-8]
You take 8 damage, and now have 27/87 hp.
Unknown command.
You hit the iguana but do no damage. The iguana bites you!
* * * LOW HITPOINT WARNING * * *
😱 HP[-8]
You take 8 damage, and now have 19/87 hp.
You barely miss the iguana.
The iguana bites you but does no damage.
Unknown command.
Casting: Spider Form (dangerous; 38% risk of failure)
Confirm with . or Enter, or press ? or * to list all spells.
You turn into a venomous arachnid creature.
Your +0 robe melds into your body.
The iguana barely misses you. 😱 HP[+1] MP[-3]
You lost 3 mp, and now have 1/10 mp.
Unknown command.
You hit the iguana but do no damage.
The iguana is poisoned.
The iguana misses you.
Unknown command.
You barely miss the iguana.
You kill the iguana!
You have reached level 8! 😱 HP[+2]
You now have 96 max hp (+9).
You regained 2 hp, and now have 22/96 hp.
Your transformation is almost over.
Key pressed, stopping explore.
Your transformation has ended.
Your +0 robe unmelds from your body. 😨 HP[+4] MP[+2]
You regained 4 hp, and now have 26/96 hp.
You regained 2 mp, and now have 3/11 mp.
A centaur is nearby!
Unknown command.
A centaur is nearby!
A centaur is nearby! 😨 HP[+12] MP[+3]
You regained 12 hp, and now have 38/96 hp.
You regained 3 mp, and now have 6/11 mp.
Unknown command.
A centaur is nearby! 😨 MP[+1] 😨 HP[+1]
You start resting.
A centaur is nearby! 😨 HP[+4] MP[+1]
You regained 4 hp, and now have 43/96 hp.
A centaur is nearby!
Unknown command.
The centaur drinks a potion.
The centaur seems to speed up.
The centaur unwields a +0 trident.
The centaur wields a +0 shortbow.
The centaur shoots an arrow.
The arrow completely misses you. 😨 HP[+1] MP[+1]
The centaur shoots an arrow.
The arrow completely misses you.
The centaur shoots an arrow.
The arrow hits you!
* * * LOW HITPOINT WARNING * * *
😨 HP[-12]
You take 12 damage, and now have 32/96 hp.
The centaur shoots an arrow.
The arrow hits you.
* * * LOW HITPOINT WARNING * * *
😨 HP[-6]
You take 6 damage, and now have 26/96 hp.
The centaur shoots an arrow.
The arrow hits you!
* * * LOW HITPOINT WARNING * * *
😱 HP[-10]
You take 10 damage, and now have 16/96 hp.
You see here a scroll of identify. 😱 HP[+1]
A centaur is nearby!
The centaur unwields a +0 shortbow.
The centaur wields a +0 trident.
The centaur completely misses you. x2; The centaur closely misses you.
The centaur kicks you but does no damage.
Casting: Spider Form (dangerous; 38% risk of failure)
Confirm with . or Enter, or press ? or * to list all spells.
You turn into a venomous arachnid creature.
Your +0 robe melds into your body.
The centaur hits you with a +0 trident!
* * * LOW HITPOINT WARNING * * *
The centaur completely misses you. The centaur hits you with a +0 trident.
* * * LOW HITPOINT WARNING * * *
The centaur closely misses you. 😱 HP[-16] MP[-3]
You take 16 damage, and now have 1/96 hp.
You lost 3 mp, and now have 6/11 mp.
Unknown command.
You hit the centaur.
The centaur is poisoned.
The centaur hits you with a +0 trident!
You die...

Skill      XL: |  1  2  3  4  5  6  7 |
---------------+----------------------+-----
Fighting       | 2 3 4 6 8 10 | 10.6
Unarmed Combat | 3 4 |  4.0
Dodging        | |  1.7
Spellcasting   | |  2.4
Transmutations | |  1.7

Action                   |  1- 3 |  4- 6 |  7- 9 || total
-------------------------+-------+-------+-------++-------
Melee: Unarmed           |    73 |   213 |    68 ||   354
       Kick              |    14 |    23 |     8 ||    45
       Headbutt          |     7 |    13 |     4 ||    24
       Punch             |     2 |     4 |     1 ||     7
 Cast: Beastly Appendage |    16 |    21 |     4 ||    41
       Wereblood         |       |     4 |     1 ||     5
       Spider Form       |       |       |     4 ||     4
Evoke: Wand              |       |     1 |     2 ||     3
  Use: Scroll            |     4 |     5 |     1 ||    10
       Potion            |     1 |     3 |     2 ||     6
Armor: Robe              |    22 |    52 |    10 ||    84
       Skin              |     1 |    17 |       ||    18
Dodge: Dodged            |    48 |    99 |    34 ||   181

Levels and vault maps discovered:
D:1:      onia_arrival_mini_maze, layout_basic, serial_shops,
          nicolae_shop_overgrown_old_shop, nicolae_shop_statue_plus, shop,
          ebering_ecumenical_altar_abandoned
D:2:      layout_basic, serial_park_tiny_pond, uniq_terence
D:3:      layout_loops_corners, okawaru_altar_gauntlet_db, minmay_rat_hole
D:4:      layout_cave_pods, nicolae_dithmenos_shadow_blocks,
          nicolae_qazlal_scattered_showers, chequers_big_river
D:5:      layout_cave_pools, serial_shops, nicolae_shop_statue_plus,
          grunt_decor_cap, minmay_manual_mess, uniq_menkaure

Notes
Turn   | Place    | Note
-------+----------+-------------------------------------------
     0 | D:1      | ytrimaz the Ogre Transmuter began the quest for the Orb.
     0 | D:1      | Reached XP level 1. HP: 19/19 MP: 3/3
     0 | D:1      | magus.rc [v1.9.6]
   181 | D:1      | Found Zagog's Armour Boutique.
   184 | D:1      | Found Lawk's Assorted Antiques.
   220 | D:1      | Found Siomm's Distillery.
   261 | D:1      | Reached skill level 2 in Fighting
   346 | D:1      | Reached skill level 3 in Unarmed Combat
   346 | D:1      | Reached XP level 2. HP: 25/28 MP: 3/5
   771 | D:1      | Found a faded altar of an unknown god.
   947 | D:2      | Noticed Terence
   955 | D:2      | Killed Terence
   956 | D:2      | Reached skill level 3 in Fighting
   956 | D:2      | Reached XP level 3. HP: 37/37 MP: 6/6
  1167 | D:2      | You pick up a book of Cantrips and begin reading...
  1167 | D:2      | You add the spells Necrotise, Summon Small Mammal and
                  | Apportation to your library.
  1201 | D:2      | Reached XP level 4. HP: 34/46 MP: 7/7
  2036 | D:3      | You add the spells Olgreb's Toxic Radiance, Ozocubu's
                  | Refrigeration and Ignition to your library.
  2172 | D:3      | You pick up a book of Displacement and begin reading...
  2172 | D:3      | You add the spells Lesser Beckoning, Gell's Gravitas and
                  | Teleport Other to your library.
  2476 | D:3      | Reached skill level 4 in Fighting
  2525 | D:3      | Learned a level 2 spell: Wereblood
  2660 | D:3      | Reached skill level 4 in Unarmed Combat
  2667 | D:3      | Reached XP level 5. HP: 54/55 MP: 3/8
  2913 | D:3      | Reached skill level 5 in Fighting
  2916 | D:3      | Found an iron altar of Okawaru.
  3092 | D:4      | Found a shadowy altar of Dithmenos.
  3147 | D:4      | HP: 21/85 [wight/+2 dagger (3)]
  3152 | D:4      | Reached skill level 6 in Fighting
  3152 | D:4      | Reached XP level 6. HP: 30/68 MP: 9/9
  3157 | D:4      | HP: 25/102 [wight/+2 dagger (6)]
  3163 | D:4      | Reached skill level 7 in Fighting
  3697 | D:4      | Found a stormy altar of Qazlal.
  3711 | D:4      | Reached skill level 8 in Fighting
  3919 | D:4      | Noticed an ice beast
  3930 | D:4      | Killed an ice beast
  3931 | D:4      | Reached XP level 7. HP: 55/81 MP: 8/10
  4341 | D:4      | You pick up a book of Armaments and begin reading...
  4341 | D:4      | You add the spells Stone Arrow, Animate Armour and
                  | Lehudib's Crystal Spear to your library.
  4548 | D:5      | Entered Level 5 of the Dungeon
  4621 | D:5      | HP: 20/81 [ice beast (3)]
  4625 | D:5      | Reached skill level 9 in Fighting
  4904 | D:5      | Learned a level 3 spell: Spider Form
  4913 | D:5      | Noticed Menkaure
  4926 | D:5      | Killed Menkaure
  4927 | D:5      | Reached skill level 10 in Fighting
  5020 | D:5      | HP: 19/87 [iguana (8)]
  5025 | D:5      | Reached XP level 8. HP: 22/96 MP: 1/11
  5086 | D:5      | HP: 16/96 [centaur/arrow (11)]
  5090 | D:5      | HP: 7/96 [centaur/+0 trident (10)]
  5090 | D:5      | HP: 1/96 [centaur/+0 trident (6)]
  5091 | D:5      | Slain by a centaur

Vanquished Creatures
  Menkaure (D:5)
  2 ice beasts
  A necrophage (D:5)
  3 wights (D:4)
  An orc priest (D:4)
  An iguana (D:5)
  Terence (D:2)
  2 orc wizards
  7 gnolls
  4 adders
  A worm (D:2)
  A dart slug (D:3)
  13 orcs
  6 endoplasms
  6 giant cockroaches
  6 goblins
  6 hobgoblins
  4 jackals (D:2)
  4 kobolds
  7 quokkas
  7 ball pythons
  3 bats
  2 frilled lizards (D:2)
  18 rats (D:3)
107 creatures vanquished.

Vanquished Creatures (others)
  15 plants (D:4)
15 creatures vanquished.

Grand Total: 122 creatures vanquished

Table legend:
 A = Non-vault XP
 B = Vault XP
 C = Vault XP percentage of total XP
 D = Non-vault monster count
 E = Vault monster count
 F = Vault count percentage of total count
                 A         B        C        D         E       F
            +---------+---------+-------+---------+---------+-------
      Total |     980 |     246 |  20.1 |      80 |      27 |  25.2
            +---------+---------+-------+---------+---------+-------
        D:1 |      29 |       0 |   0.0 |      16 |       0 |   0.0
        D:2 |      36 |      36 |  50.0 |      18 |       1 |   5.3
        D:3 |      63 |      45 |  41.7 |       7 |      25 |  78.1
        D:4 |     552 |       0 |   0.0 |      32 |       0 |   0.0
        D:5 |     300 |     165 |  35.5 |       7 |       1 |  12.5
            +---------+---------+-------+---------+---------+-------

Illustrated notes

Table legend:
 A = Kills in this place as a percentage of kills in entire the game.
 B = Kills by you in this place as a percentage of kills by you in the entire game.
 C = Kills by friends in this place as a percentage of kills by friends in the entire game.
 D = Other kills in this place as a percentage of other kills in the entire game.
 E = Experience gained in this place as a percentage of experience gained in the entire game.
 F = Experience gained in this place divided by the number of levels of this place that you have seen.
                   A       B       C       D       E      F
               +-------+-------+-------+-------+-------+----------------------
         Total | 100.0 | 100.0 |   N/A |   N/A | 100.0 | 245.2
       Dungeon | 100.0 | 100.0 |   N/A |   N/A | 100.0 | 245.2
               +-------+-------+-------+-------+-------+----------------------

Table legend: (Time is in decaauts)
 A = Elapsed time spent in this place.
 B = Non-inter-level travel time spent in this place.
 C = Inter-level travel time spent in this place.
 D = Time resting spent in this place.
 E = Time spent auto-exploring this place.
 F = Levels seen in this place.
 G = Mean time per level.
                   A        B        C        D        E       F      G
               +--------+--------+--------+--------+--------+-----+--------+
         Total |   5059 |   4940 |    119 |    104 |   4005 |   5 | 1011.8 |
       Dungeon |   5059 |   4940 |    119 |    104 |   4005 |   5 | 1011.8 |
               +--------+--------+--------+--------+--------+-----+--------+

Top non-repeatable levels by time:
     D:4: 1484 daAuts
     D:2: 1065 daAuts
     D:3: 1049 daAuts
     D:1: 920 daAuts
     D:5: 539 daAuts
